AoeStats
← Smilie

Arabia

510601481Analyzed
1v1 RM · 2d ago on Oct 1, 2026· 35m 26s· 2 players
Game mode
Random Map
Map size
Tiny (2 player)
Population
200
Speed
Normal
Resources
Standard
Victory
Conquest
Starting age
Dark Age
Ending age
Imperial Age
RankedLock teamsTeams togetherTeam positionsShared explorationLock speedFull tech treeHidden civsTurbo modeCheats
Victory
Defeat
🇳🇱 Lithuanians · Netherlands
890
+14
🇪🇸 Inca · Spain
848
-14
Sircharlye
6:44 Loom
9:21 Feudal Age
10:07 Double-Bit Axe
15:26 Fletching
23:00 Castle Age
23:31 Padded Archer Armor
24:37 Bow Saw
24:04 Crossbowman
24:40 Pikeman
25:39 Horse Collar
26:28 Bodkin Arrow
28:03 Thumb Ring
29:08 Gold Mining
29:19 Heavy Plow
30:45 Ballistics
32:02 Forging
31:54 Scale Mail Armor
32:14 Town Watch
33:35 Squires
33:23 Arson
Smilie
5:57 Loom
9:14 Feudal Age
10:22 Double-Bit Axe
10:19 Horse Collar
17:29 Wheelbarrow
17:44 Bloodlines
23:30 Castle Age
22:53 Forging
23:18 Scale Barding Armor
23:10 Gold Mining
23:57 Padded Archer Armor
23:48 Fletching
24:19 Elite Skirmisher
26:11 Hand Cart
29:57 Iron Casting
30:36 Husbandry
31:10 Chain Barding Armor
32:10 Bow Saw
32:03 Heavy Plow
33:48 Leather Archer Armor
Connection lost

Rejoining the realm…

Still unreachable

The connection could not be restored.

Session expired

The server has moved on; the page needs a fresh start.